 Dungeon Crawl Stone Soup version 0.30-a0-58-gc0703345a7 (webtiles) character file.

Game seed: 4615710098578491097

596 frimble the Slasher (level 7, -4/48 HPs)
             Began as a Demonspawn Arcane Marksman on Sept 11, 2022.
             Slain by an ogre
             ... wielding a +0 giant club
              (30 damage)
             ... on level 5 of the Dungeon.
             The game lasted 00:07:09 (4486 turns).

frimble the Slasher (Demonspawn Arcane Marksman)    Turns: 4486, Time: 00:07:10

Health: -4/48      AC: 10    Str: 12    XL:     7   Next: 17%
Magic:  8/8        EV: 10    Int: 30    God:
Gold:   123        SH:  0    Dex: 16    Spells: 6/8 levels left

rFire   . . .      SeeInvis .    b - +1 long sword
rCold   . . .      Faith    .    (no shield)
rNeg    . . .      Spirit   .    r - +1 ring mail "Laowev" {Drain Fly Str+2 Int+10}
rPois   .          Reflect  .    (helmet restricted)
rElec   .          Harm     .    (no cloak)
rCorr   .          Rampage  .    t - +0 pair of gloves
Will    +....                    (no boots)
Stlth   +.........               q - amulet of regeneration
HPRegen 0.96/turn                g - ring of willpower
MPRegen 0.11/turn                d - ring of Liotokh {Fly Int+6 Slay+6}

@: about to teleport, flying
A: antennae 2, yellow scales 2
a: no special abilities


You were on level 5 of the Dungeon.
You visited 1 branch of the dungeon, and saw 5 of its levels.

You collected 762 gold pieces.
You spent 639 gold pieces at shops.

Inventory:

Hand Weapons
 a - a +1 sling
 b - a +1 long sword (weapon)
Armour
 r - the +1 ring mail "Laowev" (worn) {Drain Fly Str+2 Int+10}
   (You bought it in a shop on level 1 of the Dungeon)

   Str:       It affects your strength (+2).
   Int:       It affects your intelligence (+10).
   Fly:       It grants you flight.
   Drain:     It drains your maximum health when unequipped.
 s - a +0 kite shield
 t - a +0 pair of gloves (worn)
Jewellery
 d - the ring of Liotokh (right hand) {Fly Int+6 Slay+6}
   (You bought it in a shop on level 1 of the Dungeon)

   [ring of flight]

   Int:       It affects your intelligence (+6).
   Slay:      It affects your accuracy & damage with ranged weapons and melee
   (+6).
   Fly:       It grants you flight.
 g - a ring of willpower (left hand)
 q - an amulet of regeneration (around neck)
Scrolls
 c - 2 scrolls of vulnerability
 e - 2 scrolls of poison
 m - 3 scrolls of teleportation
 u - a scroll of identify
Potions
 f - 2 potions of brilliance
 h - a potion of might {unknown}
 i - 4 potions of curing {unknown}
 j - a potion of magic {unknown}
 k - a potion of mutation {unknown}
 l - 3 potions of attraction {unknown}
 n - a potion of ambrosia {unknown}
 o - a potion of berserk rage {unknown}
 p - 2 potions of lignification {unknown}


   Skills:
 - Level 1.0 Fighting
 + Level 5.3 Long Blades
 - Level 1.7 Ranged Weapons
 - Level 1.7 Dodging
 - Level 1.0 Spellcasting
 - Level 3.0 Hexes
 - Level 3.0 Air Magic
 - Level 3.0 Poison Magic


You had 6 spell levels left.
You knew the following spells:

 Your Spells              Type           Power      Damage    Failure   Level
a - Poisonous Vapours     Pois/Air       38%        N/A       9%          2

Your spell library contained the following spells:

 Spells                   Type           Power      Damage    Failure   Level
 Slow                     Hex            76%        N/A       6%          1
 Confusing Touch          Hex            19%        N/A       17%         3
 Inner Flame              Hex/Fire       10%        N/A       32%         3
 Portal Projectile        Hex/Tloc       20%        N/A       32%         3
 Cause Fear               Hex            9%         N/A       50%         4
 Vampiric Draining        Necr           1%         2d6       52%         3
 Corpse Rot               Necr/Pois/Air  13%        N/A       65%         4
 Petrify                  Tmut/Erth      1%         N/A       89%         4
 Metabolic Englaciation   Hex/Ice        5%         N/A       96%         5
 Statue Form              Tmut/Erth      0%         N/A       100%        6


Dungeon Overview and Level Annotations

Branches:
Dungeon (5/15)
 Temple: D:4-7

Altars:
Okawaru

Shops:
D:1 (**[:

Annotations:
D:3 3 runed translucent doors, MrFrogsmire's ghost, amateur MeCA


Innate Abilities, Weirdness & Mutations

You have a pair of antennae on your head.
You are mostly covered in yellow scales. (AC +3)


Message History

u - a scroll of identify You now have 123 gold pieces (gained 4).
A phantom comes into view.
There are no items here.
An ice beast comes into view.
You see here 8 gold pieces.
The phantom barely misses you.
An ogre comes into view. It is wielding a +0 giant club.
The ogre shouts!
You hit the phantom.
The phantom is lightly damaged.
The phantom hits you.
The phantom blinks!
You blink.
You hit the phantom.
The phantom is moderately damaged.
The phantom barely misses you.
The phantom hits you but does no damage.
You slash the phantom!
The phantom is severely damaged.
The phantom closely misses you.
You slash the phantom!
You destroy the phantom!
Your Long Blades skill increases to level 5!
You hit the ogre.
The ogre is lightly wounded.
The ogre hits you with a +0 giant club!!
The ice beast closely misses you.
You are too injured to fight recklessly!
You are too injured to fight recklessly!
Casting: Poisonous Vapours (safe; 9% risk of failure)
Confirm with . or Enter, or press ? or * to list all spells.
Okay, then.
Unknown command.
You aren't carrying any items that you can evoke.
Okay, then.
As you read the scroll of teleportation, it crumbles to dust.
You feel strangely unstable.
The ice beast hits you but does no damage.
The ogre hits you with a +0 giant club!!
Ouch! That really hurt!
You die...

########.##.#######.#.##
#...................)...
#..<.....##.........[.##
##.#.⌠...⌠....###........
..............# #.##...##
##.⌠...>...⌠..# #.##...#
#.........$..# #.##...#
#....⌠...O.#§.# #.##...##
#.##....@Y.#.§###........
.....#...................
#.##...###.######.#...###
# ##.# #.# #†###.# ...
..# ... .# ###. ####
.#.#. # .##?#.. .. ... ..
°≈ #.# .##


You could see an ice beast and an ogre.

Vanquished Creatures
  A black bear (D:4)
  A phantom (D:5)
  2 scorpions
  A hound (D:5)
  2 orc wizards (D:3)
  8 gnolls
  6 adders
  5 dart slugs
  8 orcs
  11 endoplasms
  4 giant cockroaches
  6 goblins
  4 hobgoblins
  3 jackals (D:1)
  2 quokkas
  8 ball pythons
  10 bats
  4 frilled lizards
  6 kobolds
  7 rats
99 creatures vanquished.

Vanquished Creatures (others)
  A scorpion (D:5)
  A hound (D:5)
  An iguana (D:5)
  2 adders (D:5)
  An orc (D:5)
6 creatures vanquished.

Grand Total: 105 creatures vanquished

Notes
Turn   | Place    | Note
-------+----------+-------------------------------------------
     0 | D:1      | frimble the Demonspawn Arcane Marksman began the quest for
                  | the Orb.
     0 | D:1      | Reached XP level 1. HP: 15/15 MP: 2/2
   211 | D:1      | Reached skill level 1 in Long Blades
   240 | D:1      | Gained mutation: You are partially covered in yellow
                  | scales. (AC +2) [demonic ancestry]
   240 | D:1      | Reached XP level 2. HP: 21/21 MP: 3/3
   314 | D:1      | Reached skill level 2 in Long Blades
   443 | D:1      | Found a faded altar of an unknown god.
   542 | D:1      | Found Peilaiga's Assorted Antiques.
   567 | D:1      | Gained mutation: You are mostly covered in yellow scales.
                  | (AC +3) [demonic ancestry]
   567 | D:1      | Reached XP level 3. HP: 21/26 MP: 4/4
   660 | D:1      | Found Okant's Assorted Antiques.
   756 | D:1      | Found Fovel's Weapon Shop.
   922 | D:1      | Found Ehirumar's Book Shop.
   941 | D:1      | Found Xuantogh's Antique Armour Emporium.
  1128 | D:2      | Learned a level 2 spell: Poisonous Vapours
  2552 | D:1      | Bought a scroll labelled XYN HUIXOURIM for 32 gold pieces
  2552 | D:1      | Bought a bubbling ruby potion for 28 gold pieces
  2625 | D:3      | Identified a scroll of acquirement
  2625 | D:3      | Acquired 647 gold pieces
  2703 | D:1      | Bought a slimy copper ring for 160 gold pieces
  2703 | D:1      | Identified the ring of Liotokh {Fly Int+6 Slay+6} (You
                  | bought it in a shop on level 1 of the Dungeon)
  2703 | D:1      | Bought a yellow potion for 28 gold pieces
  2703 | D:1      | Bought a dented beryl amulet for 160 gold pieces
  2757 | D:1      | Bought a slimy ring mail for 207 gold pieces
  2757 | D:1      | Identified the +1 ring mail "Laowev" {Drain Fly Str+2
                  | Int+10} (You bought it in a shop on level 1 of the Dungeon)
  2786 | D:1      | Bought a bubbling ruby potion for 24 gold pieces
  2911 | D:3      | Reached skill level 1 in Poison Magic
  2911 | D:3      | Reached XP level 4. HP: 32/32 MP: 5/5
  2938 | D:3      | Reached skill level 1 in Air Magic
  3015 | D:3      | Reached skill level 3 in Long Blades
  3239 | D:3      | Found a runed translucent gate.
  3240 | D:3      | Found a runed translucent gate.
  3241 | D:3      | Found a runed translucent gate.
  3290 | D:3      | Noticed MrFrogsmire's ghost (amateur MeCA)
  3330 | D:3      | Gained mutation: You have a pair of small antennae on your
                  | head. [demonic ancestry]
  3330 | D:3      | Reached XP level 5. HP: 24/37 MP: 6/6
  4020 | D:4      | Reached XP level 6. HP: 43/43 MP: 3/7
  4166 | D:4      | Found an iron altar of Okawaru.
  4258 | D:4      | Reached skill level 4 in Long Blades
  4381 | D:5      | Entered Level 5 of the Dungeon
  4406 | D:5      | Noticed a water moccasin
  4452 | D:5      | Gained mutation: You have a pair of antennae on your head.
                  | [demonic ancestry]
  4452 | D:5      | Reached XP level 7. HP: 48/48 MP: 8/8
  4485 | D:5      | Reached skill level 5 in Long Blades
  4486 | D:5      | Slain by an ogre

Illustrated notes

Levels and vault maps discovered:
D:1:      dpeg_arrival_simpleton_c, layout_basic, basic_ecumenical_altar,
          serial_shops, shop, nicolae_shop_statue_plus, nicolae_lakefront_shop,
          nicolae_diamond_shop, nicolae_shop_bloodbath_and_beyond
D:2:      minmay_door_path, layout_loops_corners, roderic_st_hans_cross
D:3:      layout_loops_corners, gammafunk_ghost_icy, nrook_mini_backslash
D:4:      layout_rooms, lemuel_round_altar, minmay_tree_intersection
D:5:      layout_loops_ring, xom_confusion_cloud, minmay_temple_entry_crystal_x,
          grunt_ministairs_2, grunt_tough_drop, uniq_ijyb

Skill      XL: |  1  2  3  4  5  6  7 |
---------------+----------------------+-----
Long Blades    | 1 2 3 4 5 |  5.3
Poison Magic   | 1 2 3 |  3.0
Air Magic      | 1 2 3 |  3.0
Fighting       | |  1.0
Ranged Weapons | |  1.7
Dodging        | |  1.7
Spellcasting   | |  1.0
Hexes          | |  3.0

Action                   |  1- 3 |  4- 6 |  7- 9 || total
-------------------------+-------+-------+-------++-------
Melee: Long sword        |    15 |    86 |    14 ||   115
       Punch             |     2 |     3 |       ||     5
 Fire: Sling             |   115 |    21 |       ||   136
 Cast: Slow              |     1 |       |       ||     1
       Poisonous Vapours |       |     3 |       ||     3
  Use: Scroll            |    11 |     2 |     1 ||    14
 Stab: Sleeping          |     1 |       |       ||     1
Armor: Robe              |    19 |       |       ||    19
       Ring mail         |     9 |    42 |     9 ||    60
Dodge: Dodged            |    36 |    41 |     9 ||    86

Table legend: (Time is in decaauts)
 A = Elapsed time spent in this place.
 B = Non-inter-level travel time spent in this place.
 C = Inter-level travel time spent in this place.
 D = Time resting spent in this place.
 E = Time spent auto-exploring this place.
 F = Levels seen in this place.
 G = Mean time per level.
                   A        B        C        D        E       F      G
               +--------+--------+--------+--------+--------+-----+--------+
         Total |   4554 |   4000 |    554 |    100 |   3216 |   5 |  910.8 |
       Dungeon |   4554 |   4000 |    554 |    100 |   3216 |   5 |  910.8 |
               +--------+--------+--------+--------+--------+-----+--------+

Top non-repeatable levels by time:
     D:2: 1492 daAuts
     D:1: 1379 daAuts
     D:3: 1041 daAuts
     D:4: 531 daAuts
     D:5: 109 daAuts
